 Dungeon Crawl Stone Soup version 0.29-a0-542-g075992c915 (webtiles) character file.

Game seed: 10540941913002419298

0 oldriver the Sneak (level 1, -2/19 HPs)
             Began as a Palentonga Delver on June 4, 2022.
             Succumbed to Ijyb's poison
             ... on level 3 of the Dungeon.
             The game lasted 00:01:06 (228 turns).

oldriver the Sneak (Palentonga Delver)               Turns: 228, Time: 00:01:06

Health: -2/19      AC:  4    Str: 15    XL:     1   Next: 8%
Magic:  1/1        EV:  9    Int: 10    God:
Gold:   11         SH:  0    Dex: 11    Spells: 0/0 levels left

rFire   . . .      SeeInvis +   h - +0 quarterstaff (spect)
rCold   . . .      Faith    .   (shield currently unavailable)
rNeg    . . .      Spirit   .   b - +0 leather armour
rPois   .          Reflect  .   (no helmet)
rElec   .          Harm     .   (no cloak)
rCorr   .          Rampage  .   (no gloves)
Will    .....                   (no barding)
Stlth   ++........              (no amulet)
HPRegen 0.06/turn               (no ring)
MPRegen 0.07/turn               (no ring)

@: lethally poisoned (-2 -> -30), hasted, very quick
A: large, rugged brown scales 3, see invisible, deformed body, roll 1, armoured
tail
a: Rolling Charge


You were on level 3 of the Dungeon.
You visited 1 branch of the dungeon, and saw 3 of its levels.

You collected 11 gold pieces.

Inventory:

Hand Weapons
 a - a +0 hand axe
 h - a +0 spectral quarterstaff (weapon)
Armour
 b - a +0 leather armour (worn)
Wands
 g - a wand of digging (3)
Scrolls
 c - a scroll of fog
 d - a scroll of magic mapping
 e - a scroll of fear
 j - a scroll of noise {unknown}
Potions
 i - a potion of might {unknown}


   Skills:
 + Level 3.0 Fighting
 + Level 2.0 Axes
 + Level 1.5 Dodging
 + Level 3.3 Stealth


You couldn't memorise any spells.
You didn't know any spells.
Your spell library was empty.

Dungeon Overview and Level Annotations

Branches:
Dungeon (5/15)
 Temple: D:4-7

Altars:

Annotations:
D:3 Ijyb, Jessica


Innate Abilities, Weirdness & Mutations

You are completely covered in rugged brown scales. (AC +3, +7% HP)
You have supernaturally acute eyesight. (SInv)
Armour fits poorly on your strangely shaped body.
You can roll at nearby foes to attack.
You have a long armoured tail.


Message History

i - a blue potion
Found 14 gold pieces and a scroll labelled CUF EFOSTOCI.
Found a stone staircase leading up.
Ijyb the Twisted Goblin comes into view.
She is wielding a +0 dagger of venom and carrying a wand of paralysis (8).
Ijyb drinks a potion.
Ijyb seems to speed up.
You see here a scroll labelled CUF EFOSTOCI.
j - a scroll labelled CUF EFOSTOCI Ijyb zaps a wand.
You suddenly lose the ability to move!
Ijyb zaps a wand.
You resist with significant effort.
You can move again.
Okay, then.
You feel yourself speed up.
Ijyb zaps a wand.
You resist with significant effort.
Ijyb zaps a wand.
You shrug off the repeated paralysis!
You sock Ijyb!
Ijyb is heavily wounded.
Ijyb zaps a wand.
You resist with significant effort.
You sock Ijyb!
Ijyb is almost dead.
Ijyb hits you with a +0 dagger of venom.
You are poisoned.
Ijyb closely misses you.
Unknown command.
You barely miss Ijyb.
Ijyb is almost dead.
You feel very sick.
Ijyb zaps a wand.
You suddenly lose the ability to move!
You feel very sick.
Ijyb hits you with a +0 dagger of venom.
You are lethally poisoned!
* * * LOW HITPOINT WARNING * * *
You feel very sick.
Ijyb hits you with a +0 dagger of venom.
* * * LOW HITPOINT WARNING * * *
You are more poisoned.
Ijyb zaps a wand.
You resist with significant effort.
You can move again.
You closely miss Ijyb.
Ijyb is almost dead.
You die...

### .#################.##
..................... ##
#.............#.
....#####.##########..#.
#...........<. ....#.
#####.##...........##..#.
.................# #..#.
.####.##@#$...##.# #..#.
# #g#...... # #..#.
#.#....##. #. .........
...#.#### #...# ....#
.....


You could see Ijyb (fast).

Vanquished Creatures
  A ball python (D:3)
1 creature vanquished.

Notes
Turn   | Place    | Note
-------+----------+-------------------------------------------
     0 | D:5      | oldriver the Palentonga Delver began the quest for the Orb.
     0 | D:5      | Reached XP level 1. HP: 19/19 MP: 1/1
     4 | D:5      | Noticed an orc wizard
    51 | D:5      | Noticed a howler monkey
   159 | D:3      | Noticed Jessica
   216 | D:3      | Noticed Ijyb
   218 | D:3      | Paralysed by Ijyb for 4 turns
   225 | D:3      | Paralysed by Ijyb for 2 turns
   228 | D:3      | Succumbed to Ijyb's poison

Illustrated notes

Levels and vault maps discovered:
D:3:      layout_basic, minmay_misc_feat_four_crosses, uniq_jessica, uniq_ijyb
D:4:      layout_basic, general_overflow_altar, minitemple,
          minmay_temple_entry_gardened_gates, hex_medium, uniq_edmund,
          uniq_grinder, uniq_eustachio
D:5:      layout_basic, gammafunk_ghost_gnarly_gnolls, serial_shops, shop,
          uniq_menkaure, uniq_duvessa, uniq_blork_the_orc,
          uniq_crazy_yiuf_cottage

Action                   || total
-------------------------++-------
Melee: Quarterstaff      ||     5
  Use: Potion            ||     1
 Stab: Sleeping          ||     1
Dodge: Dodged            ||     1

Table legend: (Time is in decaauts)
 A = Elapsed time spent in this place.
 B = Non-inter-level travel time spent in this place.
 C = Inter-level travel time spent in this place.
 D = Time resting spent in this place.
 E = Time spent auto-exploring this place.
 F = Levels seen in this place.
 G = Mean time per level.
                   A        B        C        D        E       F      G
               +--------+--------+--------+--------+--------+-----+--------+
         Total |    227 |    227 |      0 |      0 |     27 |   3 |   75.7 |
       Dungeon |    227 |    227 |      0 |      0 |     27 |   3 |   75.7 |
               +--------+--------+--------+--------+--------+-----+--------+

Top non-repeatable levels by time:
     D:3: 137 daAuts
     D:5: 65 daAuts
     D:4: 24 daAuts
